 Dungeon Crawl Stone Soup version 0.12.2-24-gbfbc01a (console) character file.

1257 arwald the Insei (level 8, -2/47 HPs)
             Began as a Tengu Monk on Sept 6, 2013.
             Was a Believer of Okawaru.
             Shot with an arrow by a centaur (9 damage)
             ... on Level 5 of the Dungeon.
             The game lasted 01:19:41 (7456 turns).

arwald the Insei (Tengu Monk)                       Turns: 7456, Time: 01:19:41

HP  -2/47        AC  3     Str 14      XL: 8   Next: 29%
MP  14/14        EV 15     Int 11      God: Okawaru [**....]
Gold 179         SH  0     Dex 16      Spells:  0 memorised, 11 levels left

Res.Fire  : . . .   See Invis. : .     - Unarmed
Res.Cold  : . . .   Warding    : .   o - +1 orc robe
Life Prot.: . . .   Conserve   : .   (no shield)
Res.Poison: .       Res.Corr.  : .   (helmet restricted)
Res.Elec. : .       Clarity    : .   (no cloak)
Sust.Abil.: . .     Spirit.Shd : .   (no gloves)
Res.Mut.  : .       Stasis     : .   (boots unavailable)
Res.Rott. : .       Ctrl.Telep.: .   (no amulet)
Saprovore : . . .   Flight     : .   (no ring)
                                     (no ring)

@: slightly resistant to hostile enchantments, stealthy
A: able to fly, beak, talons 3
a: Fly, Heroism, Renounce Religion


You were on level 5 of the Dungeon.
You worshipped Okawaru.
Okawaru was most pleased with you.
You were not hungry.

You visited 2 branches of the dungeon, and saw 6 of its levels.

You collected 179 gold pieces.

Inventory:

Missiles
 c - 21 arrows
 q - 7 javelins (quivered)
 z - 7 needles of confusion
 O - 4 poisoned darts
Armour
 a - a +0 robe
 e - a +0 robe
 o - a +1 orcish robe (worn)
 v - a +0 orcish leather armour
 y - a +0 elven robe
 A - a +0 orcish buckler
 D - a +0 orcish robe
 F - a +0 orcish leather armour
 G - a +0 orcish leather armour
 H - a +0 orcish robe
 K - a +0 elven leather armour
 L - a +0 orcish leather armour
 Q - a +0 orcish leather armour
 R - a +0 orcish leather armour
 U - a +0 leather armour
 W - a +0 shield
 Y - a +0 cloak
Magical devices
 M - a wand of disintegration (12) {unknown}
 T - a wand of lightning (8) {unknown}
Comestibles
 d - an orange
 h - an apricot
 w - an apple
 E - 2 meat rations
 I - 2 pears
 V - a choko
 X - a slice of pizza
Scrolls
 b - a scroll of random uselessness
 f - 2 scrolls of fog
 m - a scroll of enchant weapon I
 n - a scroll of noise
 N - a scroll of fear {unknown}
 S - a scroll of remove curse {unknown}
 Z - a scroll of enchant weapon II
Jewellery
 r - a +2 ring of strength {unknown}
Potions
 i - 2 potions of poison {unknown}
 k - a potion of resistance {unknown}
 l - 2 potions of confusion {unknown}
 s - a potion of restore abilities {unknown}
 x - 2 potions of curing {unknown}
 B - a potion of heal wounds {unknown}


   Skills:
 * Level 4.6 Fighting
 + Level 2.1 Throwing
 + Level 2.5 Armour
 * Level 5.3 Dodging
 * Level 4.6 Stealth
 + Level 2.2 Traps
 * Level 6.1 Unarmed Combat
 + Level 2.0 Spellcasting


You had 11 spell levels left.
You didn't know any spells.

Dungeon Overview and Level Annotations

Branches:
Dungeon (5/27)             Temple (1/1) D:4

Altars:
Ashenzari
Cheibriados
Elyvilon
Fedhas
Kikubaaqudgha
Nemelex Xobeh
Okawaru
Sif Muna
Trog
Vehumet
Xom
Yredelemnul
Zin
the Shining One

Shops:
D:4: /


Innate Abilities, Weirdness & Mutations

You can fly.
You have a beak for a mouth.
You have claws for feet.


Message History

You feel like a meek peon again.
You see here an orange.
d - an orange You see here an orcish morningstar.
You see here a purple potion.
i - 2 purple potions (gained 1)
The centaur wields a bow.
The centaur shoots an arrow.
The arrow hits you!
The centaur shoots an arrow.
The arrow misses you.
You see here 2 arrows.
The centaur shoots an arrow.
The arrow misses you.
You see here an arrow.
The centaur shoots an arrow.
The arrow misses you.
The centaur shoots an arrow.
The arrow hits you!
* * * LOW HITPOINT WARNING * * *
You see here 2 arrows.
The centaur shoots an arrow.
The arrow hits you!
* * * LOW HITPOINT WARNING * * *
You see here an arrow.
The centaur shoots an arrow.
The arrow hits you!
* * * LOW HITPOINT WARNING * * *
The centaur shoots an arrow.
The arrow hits you!
You die...

##.##..##......##..
#...#......#..........
#.............#........#
................##......#
.........................
.......................... .
.........................
#..........................
#...##.#(.).......#.......
#.....((.................
##.#...(@................
...........###............
#..##....#.#............. ....
#...##.#............. . ... ##.##
.#............. ###S..... #....
#....#..)...... ##........#..#c.
#...............
.#........#..#...#.....#.........
.......#...#####...............#.
.......##....#.##...%............
......###........................


You could see a centaur.

Vanquished Creatures
  The ghost of hurdos the Chopper, an average DDBe of Trog (D:5)
  A sky beast (D:5)
  2 phantoms (D:5)
  An ogre (D:4)
  2 crimson imps
  A hound (D:4)
  An orc priest (D:4)
  A scorpion (D:4)
  3 orc wizards (D:3)
  4 worker ants
  A jelly (D:5)
  A human (D:4)
  7 adders
  A giant mite (D:4)
  A worm (D:3)
  A grey rat (D:3)
  6 giant geckos
  20 orcs
  10 bats
  4 goblins
  11 hobgoblins
  7 jackals
  11 kobolds
  3 quokkas
  A ball python (D:3)
  4 giant cockroaches
  10 giant newts
  A goblin zombie (D:4)
  16 rats
133 creatures vanquished.

Vanquished Creatures (others)
  A giant newt (D:3)
  A goblin (D:1)
  A kobold (D:1)
  A plant (D:5)
4 creatures vanquished.

Grand Total: 137 creatures vanquished

Notes
Turn   | Place    | Note
--------------------------------------------------------------
     0 | D:1      | arwald, the Tengu Monk, began the quest for the Orb.
     0 | D:1      | Reached XP level 1. HP: 12/12 MP: 0/0
   150 | D:1      | Reached XP level 2. HP: 17/17 MP: 2/2
   795 | D:1      | Reached XP level 3. HP: 22/22 MP: 3/3
  1286 | D:2      | Reached skill level 1 in Armour
  1286 | D:2      | Reached XP level 4. HP: 13/27 MP: 4/4
  1715 | D:2      | Reached skill level 1 in Traps
  2379 | D:3      | Reached skill level 1 in Spellcasting
  2620 | D:3      | Reached XP level 5. HP: 32/32 MP: 7/7
  2635 | D:3      | Reached skill level 5 in Unarmed Combat
  3191 | D:3      | Found a glowing drain.
  3856 | D:3      | Reached XP level 6. HP: 36/36 MP: 9/9
  4211 | D:4      | Found an ancient bone altar of Kikubaaqudgha.
  4371 | D:4      | Reached skill level 1 in Throwing
  4494 | D:4      | Found Giur's Magical Wand Emporium.
  4526 | D:4      | Found a basalt altar of Yredelemnul.
  4754 | D:4      | Reached XP level 7. HP: 8/41 MP: 10/10
  5495 | D:4      | Found a staircase to the Ecumenical Temple.
  5520 | Temple   | Entered the Ecumenical Temple
  5608 | Temple   | Became a worshipper of Warmaster Okawaru
  5608 | Temple   | Acquired Okawaru's first power
  5741 | D:5      | Entered Level 5 of the Dungeon
  5906 | D:5      | Noticed hurdos' ghost (average DDBe)
  6141 | D:5      | Killed hurdos' ghost
  6766 | D:5      | Reached skill level 5 in Dodging
  6766 | D:5      | Reached skill level 6 in Unarmed Combat
  6766 | D:5      | Reached XP level 8. HP: 3/47 MP: 13/13
  7456 | D:5      | Shot with an arrow by a centaur

Action                   |  1- 3 |  4- 6 |  7- 9 || total
-------------------------+-------+-------+-------++-------
Melee: Unarmed           |    80 |   194 |   108 ||   382
Invok: Heroism           |       |       |     2 ||     2
 Abil: Fly               |       |       |     2 ||     2
Evoke: Wand              |       |       |     1 ||     1
  Use: Scroll            |     9 |     6 |     1 ||    16
 Stab: Distracted        |     1 |     2 |       ||     3
       Sleeping          |     1 |     6 |       ||     7
